[Event "Titled Tuesday Blitz April 4 Early 2023"]
[White "Real_OceanStorm"]
[Black "Ferenc83"]
[WhiteElo "2799"]
[BlackElo "2522"]
[Result "1-0"]
[Round "03"]
[TimeControl "180+2"]
[Date "2023.04.04"]
[WhiteClock "0:00:04"]
[BlackClock "0:00:23"]

1. e4 c6 2. d4 d5 3. e5 Bf5 4. Be2 e6 5. Nf3 Nd7 6. O-O h6 7. h3 Ne7 8. Nc3 Bh7 9. b3 g5 10. Nh2 Ng6 11. Bd3 Bg7 12. Ne2 Qb6 13. Be3 O-O 14. Ng4 c5 15. c3 cxd4 16. cxd4 Rac8 17. Ng3 f5 18. Nxh6+ Bxh6 19. Qh5 Kg7 20. Bxg5 Bxg5 21. Qxg5 Qxd4 22. Rfd1 Qxe5 23. Re1 Qd6 24. Nh5+ Kh8 25. Rad1 Rf7 26. Be2 Rg8 27. Qd2 Nf6 28. Nxf6 Rxf6 29. Kh1 Nf4 30. Bf1 b6 31. g3 Ng6 32. Qb2 e5 33. Bc4 d4 34. Bxg8 Bxg8 35. Qe2 Bd5+ 36. Kh2 Bb7 37. Rg1 Qd5 38. Qh5+ Kg7 39. Rd2 d3 40. h4 e4 41. Qg5 Kf7 42. Rc1 Rc6 43. Rcd1 Ne5 44. Qh5+ Ke6 45. Qe8+ Kd6 46. Qb8+ Kc5 47. Qxb7 Nf3+ 48. Kh3 Nxd2 49. Rc1+ Kb4 50. Rxc6 e3 51. Rxb6+ axb6 52. Qxd5 e2 53. Qe6 Kc3 54. Kg2 Ne4 55. Qxb6 e1=Q 56. Qa5+ Kc2 57. Qxe1 d2 58. Qf1 d1=Q 59. Qxd1+ Kxd1 60. h5 Kc2 61. h6 Nf6 62. Kf3 Kc3 63. Kf4 1-0


[Site "https://www.chess.com"]

[Event "Titled Tuesday Blitz April 4 Early 2023"]
[White "Dehtiarov, Roman"]
[Black "Chernomordik, Pavel"]
[WhiteFideId "14186640"]
[BlackFideId "2804530"]
[WhiteElo "2189"]
[BlackElo "2193"]
[Result "0-1"]
[Round "03"]
[TimeControl "180+2"]
[Date "2023.04.04"]
[WhiteClock "0:00:04"]
[BlackClock "0:00:25"]

1. d4 g6 2. c4 Bg7 3. Nc3 d6 4. g3 Nf6 5. Bg2 O-O 6. Bg5 c6 7. Qd2 a6 8. e4 b5 9. cxb5 axb5 10. e5 b4 11. exf6 exf6 12. Be3 bxc3 13. bxc3 Re8 14. Ne2 Ba6 15. O-O Bc4 16. a4 Qc7 17. Rfb1 Nd7 18. Nf4 f5 19. Nd3 Nb6 20. Bf4 Nd5 21. Bxd5 Bxd5 22. Nc5 Qe7 23. Rb7 Qd8 24. Rd7 Qb6 25. Bxd6 Bc4 26. h4 Re2 27. Qc1 Rae8 28. a5 Qb5 29. a6 Bd5 30. Qf1 Qb2 31. Rb1 Qa2 32. Ra1 Qb2 33. Na4 Qb5 34. a7 Qd3 35. Nc5 Qf3 36. Qh3 Qxf2# 0-1


[Site "https://www.chess.com"]

[Event "Titled Tuesday Blitz April 4 Early 2023"]
[White "Remizov, Yaroslav"]
[Black "Shvedova, Alexandra"]
[WhiteFideId "34134015"]
[BlackFideId "54154782"]
[WhiteElo "2412"]
[BlackElo "2057"]
[Result "1-0"]
[Round "03"]
[TimeControl "180+2"]
[Date "2023.04.04"]
[WhiteClock "0:01:08"]
[BlackClock "0:00:43"]

1. e4 c5 2. Nf3 d6 3. d4 cxd4 4. Nxd4 Nf6 5. Nc3 a6 6. Bg5 Nbd7 7. f4 Qc7 8. Qf3 h6 9. Bh4 g5 10. fxg5 hxg5 11. Bxg5 Qc5 12. Be3 Ne5 13. Qe2 Neg4 14. Bg1 Bh6 15. h3 Qb4 16. Nb3 d5 17. Bc5 Qc4 18. Qd1 Qxc3+ 19. bxc3 Nxe4 20. hxg4 Bd2+ 21. Nxd2 Rxh1 22. Nxe4 dxe4 23. Kf2 Be6 24. Bb5+ 1-0


[Site "https://www.chess.com"]

[Event "Titled Tuesday Blitz April 4 Early 2023"]
[White "Csonka, Balazs"]
[Black "Kubatko, Ivan"]
[WhiteFideId "742910"]
[BlackFideId "24111473"]
[WhiteElo "2404"]
[BlackElo "2285"]
[Result "1/2-1/2"]
[Round "03"]
[TimeControl "180+2"]
[Date "2023.04.04"]
[WhiteClock "0:00:06"]
[BlackClock "0:00:05"]

1. e4 d5 2. exd5 Qxd5 3. Nf3 Nf6 4. c4 Qa5 5. Nc3 Bg4 6. d4 Nc6 7. Bd2 Qf5 8. Be2 Bxf3 9. Bxf3 Nxd4 10. Bxb7 Rb8 11. Qa4+ Qd7 12. Qxa7 Rxb7 13. Qa8+ Qd8 14. Qxb7 Nc2+ 15. Ke2 Nxa1 16. Rxa1 e6 17. Bg5 Bd6 18. Rd1 O-O 19. c5 h6 20. Bxf6 Qxf6 21. cxd6 cxd6 22. g3 d5 23. a4 Qe5+ 24. Kf1 Rb8 25. Qc6 Rxb2 26. Qe8+ Kh7 27. Qxf7 Qxc3 28. Qf4 Rb4 29. Qe3 Qxe3 30. fxe3 Rxa4 31. Kg2 Ra2+ 32. Kh3 g5 33. e4 dxe4 34. Rd4 e3 35. Re4 e2 36. Rxe6 Kg7 37. Kg4 Ra4+ 38. Kf3 Ra2 39. Rxe2 Rxe2 40. Kxe2 Kf6 41. Kf3 Kf5 42. g4+ Ke5 43. Ke3 Kd5 44. Kd3 Ke5 45. Ke3 Kd5 46. Kd3 Ke5 47. Ke3 1/2-1/2


[Site "https://www.chess.com"]

[Event "Titled Tuesday Blitz April 4 Early 2023"]
[White "Bas Mas, Jose Joaquin"]
[Black "Papasimakopoulos, Alexandros"]
[WhiteFideId "22219064"]
[BlackFideId "4244125"]
[WhiteElo "2233"]
[BlackElo "2359"]
[Result "0-1"]
[Round "03"]
[TimeControl "180+2"]
[Date "2023.04.04"]
[WhiteClock "0:00:07"]
[BlackClock "0:00:34"]

1. e4 e6 2. d4 d5 3. e5 a6 4. c3 Bd7 5. Nf3 Bb5 6. h4 Bxf1 7. Kxf1 c5 8. h5 h6 9. Be3 Qb6 10. Qd2 Nc6 11. Kg1 cxd4 12. Bxd4 Bc5 13. Rh4 Nge7 14. Bxc5 Qxc5 15. b4 Qb6 16. a4 Nf5 17. Rg4 O-O 18. Na3 Rac8 19. a5 Qc7 20. Re1 Rfd8 21. Nc2 Nce7 22. Qf4 Qxc3 23. Ne3 Nxe3 24. Rxe3 Qc1+ 25. Kh2 Nf5 26. Rd3 Qf1 27. Rd2 Rc1 28. Kh3 Rc4 29. Nd4 Rc3+ 30. f3 Qh1+ 31. Qh2 Qxh2+ 32. Kxh2 Nxd4 33. Rdxd4 Rdc8 34. Rgf4 Re3 35. g4 Rxe5 36. Kg3 Re2 37. g5 hxg5 38. Rg4 f6 39. f4 Rc3+ 0-1


[Site "https://www.chess.com"]

[Event "Titled Tuesday Blitz April 4 Early 2023"]
[White "Topalov, Aleksandar"]
[Black "Schmakel, Sam"]
[WhiteFideId "925659"]
[BlackFideId "2039311"]
[WhiteElo "2151"]
[BlackElo "2356"]
[Result "0-1"]
[Round "03"]
[TimeControl "180+2"]
[Date "2023.04.04"]
[WhiteClock "0:00:35"]
[BlackClock "0:00:13"]

1. b3 g6 2. Bb2 Nf6 3. Bxf6 exf6 4. c4 d5 5. cxd5 Qxd5 6. e3 Bg7 7. Nc3 Qd6 8. d4 c6 9. Nge2 f5 10. g3 h5 11. h4 Nd7 12. Bg2 Nf6 13. O-O Bd7 14. Rb1 Ng4 15. b4 a6 16. a4 O-O 17. b5 axb5 18. axb5 Ra3 19. bxc6 bxc6 20. Qc1 Rfa8 21. Nf4 R8a7 22. Nd3 g5 23. hxg5 h4 24. Nf4 hxg3 25. fxg3 Nxe3 26. Nce2 Nxf1 27. Qxf1 Bxd4+ 28. Nxd4 Qxd4+ 29. Kh2 Qe3 30. Rb8+ Kh7 31. Qh1 Ra1 32. Bf1 R7a2+ 33. Kh3 Qf2 34. Bg2 Rxh1+ 0-1


[Site "https://www.chess.com"]

[Event "Titled Tuesday Blitz April 4 Early 2023"]
[White "Srinath, Rao S.V."]
[Black "Matute Escobar, Roxanny"]
[WhiteFideId "5028876"]
[BlackFideId "3926028"]
[WhiteElo "2196"]
[BlackElo "1844"]
[Result "1-0"]
[Round "03"]
[TimeControl "180+2"]
[Date "2023.04.04"]
[WhiteClock "0:00:51"]
[BlackClock "0:00:28"]

1. d4 Nf6 2. Nf3 g6 3. c4 Bg7 4. Nc3 O-O 5. e4 d6 6. h3 e5 7. d5 Nbd7 8. Qc2 Nh5 9. g3 f5 10. exf5 gxf5 11. Be2 Nc5 12. Be3 f4 13. Bxc5 dxc5 14. g4 Nf6 15. Ng5 Qe7 16. O-O-O Bh6 17. h4 Kh8 18. f3 a6 19. Nce4 Nxe4 20. Qxe4 Bd7 21. Bd3 b5 22. Nxh7 bxc4 23. Bc2 Rab8 24. Rde1 Bg7 25. h5 c3 26. Nxf8 Bxf8 27. bxc3 Bb5 28. Qf5 Re8 29. Rxe5 1-0


[Site "https://www.chess.com"]

[Event "Titled Tuesday Blitz April 4 Early 2023"]
[White "Vidit, Santosh Gujrathi"]
[Black "Krsnik Cohar, Ivan Vihor"]
[WhiteFideId "5029465"]
[BlackFideId "14520044"]
[WhiteElo "2651"]
[BlackElo "2414"]
[Result "1/2-1/2"]
[Round "03"]
[TimeControl "180+2"]
[Date "2023.04.04"]
[WhiteClock "0:01:46"]
[BlackClock "0:00:28"]

1. e4 c5 2. Nf3 g6 3. d4 cxd4 4. Nxd4 Nf6 5. c4 Nxe4 6. Bd3 Nf6 7. O-O Bg7 8. Re1 O-O 9. Nc3 d5 10. cxd5 Nxd5 11. Ndb5 Nxc3 12. Nxc3 Nc6 13. Bg5 Be6 14. Rc1 Qb6 15. Rc2 Nb4 16. Be3 Qa5 17. Rd2 Nxd3 18. Rxd3 Rfd8 19. Rxd8+ Rxd8 20. Qc1 b5 21. a3 a6 22. Ne4 b4 23. Nc5 bxa3 24. bxa3 Bb2 25. Qb1 Bf5 26. Nb7 Bxb1 27. Nxa5 Bc2 28. Nc6 Rd7 29. Bc5 e6 30. Bb4 Rd1 31. Rxd1 Bxd1 32. Kf1 Ba4 33. Na5 f6 34. Ke2 e5 35. Kd3 Bb5+ 36. Ke4 Kf7 37. Kd5 Bf1 38. g3 Bd4 39. f4 Bb6 40. fxe5 fxe5 41. Nb3 Bc7 42. Kc6 Bd8 43. Nc5 Bg2+ 44. Kd7 Bf6 45. Nxa6 e4 46. Nc5 e3 47. a4 e2 48. a5 Bd4 49. Nd3 Be4 50. Ne1 Bg1 51. h3 h5 52. a6 Bf2 53. g4 hxg4 54. hxg4 Kf6 55. Kd6 Bxe1 56. Bxe1 Kg5 57. Ke5 Bf3 58. Kd4 Kxg4 59. Ke3 Ba8 60. Kxe2 Kf5 61. Ke3 Ke6 62. Kf4 Kd7 63. Bf2 Kc6 64. a7 Kb7 65. Kg5 Ka6 66. Kxg6 Bb7 67. Kf6 Bc6 68. Ke7 Bg2 69. Kd6 Kb7 70. Kc5 Ka8 71. Kd6 Bh1 72. Ke5 Bg2 73. Kf4 Bh1 74. Be3 Bb7 75. Ke5 Bc6 76. Kf4 Bb7 77. Kg3 Ba6 78. Kf2 Bb7 79. Ke1 Ba6 80. Kd2 Bb7 81. Kc3 Ba6 82. Kb4 Bb7 83. Ka5 Bh1 84. Kb6 Bg2 85. Bd4 Bh1 86. Be5 Bg2 87. Bb8 Bh1 88. Bc7 Bg2 89. Kc5 Bh1 90. Bb6 Bg2 91. Kd4 Bh1 92. Ke5 Bg2 93. Be3 Bh1 94. Bf2 Bb7 95. Bb6 Ba6 96. Bc5 Bb7 97. Bb6 Ba6 98. Bc5 Bb7 99. Bb6 1/2-1/2


[Site "https://www.chess.com"]

[Event "Titled Tuesday Blitz April 4 Early 2023"]
[White "Hovhannisyan, Robert"]
[Black "Ljukin, Sergei"]
[WhiteFideId "13302507"]
[BlackFideId "14102200"]
[WhiteElo "2570"]
[BlackElo "2312"]
[Result "1-0"]
[Round "03"]
[TimeControl "180+2"]
[Date "2023.04.04"]
[WhiteClock "0:01:30"]
[BlackClock "0:00:08"]

1. Nc3 d5 2. Nf3 Nf6 3. d3 Nc6 4. Bf4 d4 5. Ne4 Nd5 6. Bd2 f5 7. Ng3 e5 8. e4 fxe4 9. dxe4 Nf6 10. Bb5 Bd6 11. c3 O-O 12. O-O Bd7 13. cxd4 Nxd4 14. Nxd4 exd4 15. f4 Bc5 16. Bd3 Ng4 17. Qc2 Qh4 18. h3 Qxg3 19. hxg4 Bb6 20. f5 Qxg4 21. Rf4 Qh5 22. Raf1 c5 23. e5 Bc6 24. f6 Qxe5 25. Bxh7+ Kh8 26. Rh4 d3 27. Bxd3+ Kg8 28. Bc4+ Bd5 29. Qh7+ Kf7 30. Qxg7+ Ke6 31. Qe7# 1-0


[Site "https://www.chess.com"]

[Event "Titled Tuesday Blitz April 4 Early 2023"]
[White "Ibrahimli, Murad"]
[Black "Goffredo_Fofi"]
[WhiteFideId "13410229"]
[WhiteElo "2364"]
[BlackElo "2509"]
[Result "1-0"]
[Round "03"]
[TimeControl "180+2"]
[Date "2023.04.04"]
[WhiteClock "0:00:12"]
[BlackClock "0:00:12"]

1. d4 Nf6 2. Bg5 d5 3. Nd2 c5 4. dxc5 Nc6 5. e3 e6 6. Ngf3 Bxc5 7. c4 h6 8. Bh4 d4 9. exd4 Nxd4 10. a3 Be7 11. Be2 Nxe2 12. Qxe2 O-O 13. O-O b6 14. Ne5 Bb7 15. Rfd1 Qc7 16. Bg3 Bd6 17. Rac1 Rad8 18. b4 Nd7 19. Nd3 Bxg3 20. hxg3 Nf6 21. c5 Rd4 22. Nc4 Ba6 23. Qe5 Qxe5 24. Ndxe5 Rxd1+ 25. Rxd1 bxc5 26. bxc5 Rc8 27. Nd6 Rxc5 28. Ndxf7 Rd5 29. Rc1 Nd7 30. Nxd7 Kxf7 31. Rc7 Rd1+ 32. Kh2 Bd3 33. Ne5+ Kf6 34. f4 Bg6 35. g4 Rd2 36. Rxa7 Be8 37. Ra8 Bg6 38. Rf8+ Ke7 39. Nxg6+ Kd7 40. Rf7+ Kd6 41. Rxg7 Rd3 42. Rh7 Rxa3 43. Rxh6 Ra4 44. f5 Rxg4 45. f6 1-0


[Site "https://www.chess.com"]

[Event "Titled Tuesday Blitz April 4 Early 2023"]
[White "Yu, Jason"]
[Black "Vakhlamov, Igor L."]
[WhiteFideId "30907624"]
[BlackFideId "24126748"]
[WhiteElo "2504"]
[BlackElo "2400"]
[Result "0-1"]
[Round "03"]
[TimeControl "180+2"]
[Date "2023.04.04"]
[WhiteClock "0:00:06"]
[BlackClock "0:00:15"]

1. e4 c5 2. Nf3 e6 3. d4 cxd4 4. Nxd4 Nf6 5. Nc3 Nc6 6. Be3 Bb4 7. Nxc6 bxc6 8. Bd3 d5 9. exd5 cxd5 10. O-O O-O 11. Bd4 Bb7 12. Qe2 Re8 13. f4 a5 14. a3 Bf8 15. Rae1 Nd7 16. Bb5 Qc7 17. Qg4 Ba6 18. Nxd5 Qd6 19. Bxd7 Qxd5 20. Bxe8 Qxd4+ 21. Kh1 Rxe8 22. c3 Qd2 23. Rg1 Qxb2 24. f5 Bc8 25. Qa4 Rd8 26. Qxa5 Rd5 27. Qc7 Qb7 28. Qxb7 Bxb7 29. fxe6 fxe6 30. Rxe6 Bxa3 31. Rge1 Rd2 32. R6e2 Rd3 33. Re3 Rd7 34. c4 Bc5 35. Re5 Rc7 36. Rf5 g6 37. Rfe5 Kf7 38. Rb1 Bd6 39. Reb5 Be4 40. Rc1 Bc6 41. Rb6 Bc5 42. Ra6 Kg7 43. h3 Bb7 44. Ra5 Kh6 45. Rb5 Ba6 46. Ra5 Bb7 47. Rb5 Be4 48. Ra5 Bd3 49. Ra4 Kg5 50. Rd1 Be4 51. Re1 Kf4 52. Rf1+ Kg3 53. Ra2 Rb7 54. Rc1 Rb3 55. Re2 Re3 56. Rxe3+ Bxe3 57. Re1 Bxg2# 0-1


[Site "https://www.chess.com"]

[Event "Titled Tuesday Blitz April 4 Early 2023"]
[White "Korelskiy, Egor"]
[Black "Urazayev, Arystanbek"]
[WhiteFideId "34329064"]
[BlackFideId "13709810"]
[WhiteElo "2186"]
[BlackElo "2449"]
[Result "0-1"]
[Round "03"]
[TimeControl "180+2"]
[Date "2023.04.04"]
[WhiteClock "0:00:03"]
[BlackClock "0:01:56"]

1. e4 c6 2. Nc3 d5 3. Nf3 dxe4 4. Nxe4 Nf6 5. Qe2 Nxe4 6. Qxe4 Be6 7. b3 Nd7 8. Bb2 Nf6 9. Qe2 Bf5 10. d3 e6 11. a3 Be7 12. g3 O-O 13. Bg2 Qa5+ 14. Qd2 Qc7 15. O-O Rad8 16. Be5 Qb6 17. Qe2 h6 18. h3 Nd5 19. Kh2 Bf6 20. Bxf6 Nxf6 21. Ne5 Qc5 22. f4 Bh7 23. Qf2 Qxf2 24. Rxf2 Nd5 25. Re1 Nc3 26. Nc4 Rfe8 27. Na5 Re7 28. Nc4 Kf8 29. Nd2 Red7 30. Ne4 Bxe4 31. Bxe4 a5 32. Bg2 c5 33. f5 exf5 34. Rxf5 b6 35. Ref1 f6 36. g4 Re7 37. R1f2 Nd1 38. R2f3 Ne3 39. R5f4 Nxc2 40. h4 Nd4 41. Rf2 Re5 42. Kg3 Nxb3 43. Re4 Rxe4 44. Bxe4 Nd4 45. Rb2 b5 46. Rb1 b4 47. Rc1 bxa3 48. Rxc5 Nb3 49. Rb5 a2 0-1


[Site "https://www.chess.com"]

[Event "Titled Tuesday Blitz April 4 Early 2023"]
[White "Pichot, Alan"]
[Black "Shevtchenko, Olesya"]
[WhiteFideId "110973"]
[BlackFideId "24131890"]
[WhiteElo "2573"]
[BlackElo "2003"]
[Result "0-1"]
[Round "03"]
[TimeControl "180+2"]
[Date "2023.04.04"]
[WhiteClock "0:00:14"]
[BlackClock "0:00:18"]

1. e4 c6 2. Nf3 d5 3. d3 Qc7 4. exd5 cxd5 5. c4 Nf6 6. Nc3 e5 7. cxd5 Bc5 8. Be2 O-O 9. Bg5 Nbd7 10. O-O h6 11. Bh4 Qd6 12. Rc1 Nxd5 13. Ne4 Qb6 14. Nxc5 Nxc5 15. d4 Ne6 16. dxe5 Ndf4 17. Bc4 Qxb2 18. Bb3 Ne2+ 19. Kh1 Nxc1 20. Qxc1 Qxc1 21. Rxc1 Bd7 22. Be7 Rfc8 23. Rd1 Bc6 24. Nd4 Nxd4 25. Rxd4 Re8 26. Bd6 a5 27. f4 a4 28. Bc2 Rac8 29. Bd1 b5 30. Kg1 Bd7 31. Kf2 Be6 32. a3 Rc1 33. Be2 Bc4 34. Bf3 Rc2+ 35. Kg3 g6 36. h4 h5 37. Bb4 Rb2 38. Rd7 Rxb4 39. axb4 a3 40. Ra7 a2 41. Kf2 Rd8 42. Ke1 Rd3 43. Ra8+ Kg7 44. Ra7 Rb3 45. e6 Bxe6 46. Be4 Rb1+ 0-1


[Site "https://www.chess.com"]

[Event "Titled Tuesday Blitz April 4 Early 2023"]
[White "Timofeev, Artyom"]
[Black "Bruedigam, Martin"]
[WhiteFideId "4140419"]
[BlackFideId "24608033"]
[WhiteElo "2586"]
[BlackElo "2331"]
[Result "1/2-1/2"]
[Round "03"]
[TimeControl "180+2"]
[Date "2023.04.04"]
[WhiteClock "0:00:04"]
[BlackClock "0:00:03"]

1. c4 e5 2. Nc3 Bb4 3. Nd5 a5 4. b3 c6 5. Nxb4 axb4 6. Bb2 Qe7 7. Nf3 d6 8. d3 Nf6 9. e3 O-O 10. Be2 c5 11. O-O Nc6 12. a3 bxa3 13. Bxa3 Bd7 14. Bb2 Rfb8 15. Qd2 h6 16. h3 Qe8 17. d4 Ne4 18. Qd1 Rxa1 19. Bxa1 b6 20. Re1 Rd8 21. Nd2 Nxd2 22. Qxd2 Qe7 23. Bf3 Nb4 24. dxe5 dxe5 25. Rd1 Kf8 26. Bg4 Ke8 27. Bxd7+ Rxd7 28. Qxd7+ Qxd7 29. Rxd7 Kxd7 30. Bxe5 g6 31. Bc3 Nd3 32. Bd2 Kc6 33. Kf1 b5 34. cxb5+ Kxb5 35. Ke2 c4 36. bxc4+ Kxc4 37. e4 h5 38. Ke3 Ne5 39. Bc1 g5 40. Bb2 Ng6 41. g3 g4 42. h4 Kc5 43. Bf6 Kd6 44. Bg7 Ke6 45. f3 gxf3 46. Kxf3 f5 47. Bd4 fxe4+ 48. Kxe4 Ne7 49. Kf4 Nf5 50. Bc3 Nd6 51. Bb2 Nf7 52. Ba1 Nd6 53. Kg5 Ne4+ 54. Kf4 Nd6 55. Bg7 Nf5 56. Bb2 Nd6 57. Bd4 Kf7 58. Be5 Nc4 59. Kf5 Ne3+ 60. Kg5 Ke6 61. Bf4 Ng2 62. Kxh5 Kf5 63. Bg5 Ne1 64. g4+ Ke6 65. Kg6 Nf3 66. Bf4 Nxh4+ 67. Kh5 Nf3 68. Be3 Kf7 1/2-1/2


[Site "https://www.chess.com"]

[Event "Titled Tuesday Blitz April 4 Early 2023"]
[White "Novikov, Evgenij"]
[Black "Goltsev, Dmitry"]
[WhiteFideId "4125380"]
[BlackFideId "24176710"]
[WhiteElo "2242"]
[BlackElo "2336"]
[Result "1/2-1/2"]
[Round "03"]
[TimeControl "180+2"]
[Date "2023.04.04"]
[WhiteClock "0:00:03"]
[BlackClock "0:00:22"]

1. d4 Nf6 2. Nf3 e6 3. c4 b6 4. g3 Ba6 5. Nbd2 Bb4 6. Qc2 O-O 7. a3 Be7 8. Bg2 d5 9. O-O Nbd7 10. Re1 c5 11. cxd5 exd5 12. dxc5 Nxc5 13. b4 Nce4 14. Bb2 Rc8 15. Qa4 Bb7 16. Qxa7 Qd7 17. Ne5 Qc7 18. Rac1 Qb8 19. Qxb8 Rxb8 20. Nxe4 Nxe4 21. Nd7 Rbd8 22. Nxf8 Kxf8 23. Rc7 Ba6 24. Bxg7+ Kxg7 25. Rxe7 Nc3 26. Bf3 d4 27. Ra7 Bc4 28. a4 Re8 29. Rc1 Bxe2 30. Rxc3 dxc3 31. Bxe2 Rxe2 32. Rc7 Re4 33. a5 b5 34. Rxc3 Rxb4 35. Rc5 Rb1+ 36. Kg2 b4 37. a6 b3 38. Rb5 b2 39. a7 Ra1 40. Rxb2 Rxa7 41. h4 Ra6 42. Rb4 Ra3 43. g4 Rc3 44. f3 Rd3 45. Kg3 Rd6 46. Re4 Rc6 47. g5 Rc1 48. Kg4 Rg1+ 49. Kf5 Rg3 50. Rf4 Rh3 51. Kg4 Rh1 52. Kg3 Kg6 53. Rf6+ Kg7 54. Rh6 Rg1+ 55. Kf4 Ra1 56. Kg4 Ra4+ 57. f4 Ra1 58. f5 Ra4+ 59. Kh5 Rf4 60. Rf6 Kg8 61. Rd6 Rxf5 62. Kg4 Ra5 63. Rd4 Kg7 64. h5 Ra1 65. h6+ Kf8 66. Rd8+ Ke7 67. Rh8 Rg1+ 68. Kf5 Rf1+ 69. Kg4 Rg1+ 70. Kf4 Rf1+ 71. Kg3 Rg1+ 72. Kh4 Rh1+ 73. Kg4 Rg1+ 1/2-1/2


[Site "https://www.chess.com"]

[Event "Titled Tuesday Blitz April 4 Early 2023"]
[White "Pranav Anand"]
[Black "Petukhov, Dmitry"]
[WhiteFideId "46626786"]
[BlackFideId "4142748"]
[WhiteElo "2389"]
[BlackElo "2311"]
[Result "1-0"]
[Round "03"]
[TimeControl "180+2"]
[Date "2023.04.04"]
[WhiteClock "0:00:18"]
[BlackClock "0:00:08"]

1. d4 Nf6 2. c4 g6 3. Nc3 d5 4. cxd5 Nxd5 5. e4 Nxc3 6. bxc3 Bg7 7. Qa4+ Bd7 8. Qa3 O-O 9. Nf3 b6 10. Be2 c5 11. h3 Nc6 12. e5 cxd4 13. cxd4 e6 14. O-O Ne7 15. Bg5 Re8 16. Rac1 h6 17. Bh4 g5 18. Nxg5 hxg5 19. Bxg5 Rc8 20. h4 Bc6 21. Rcd1 Qd5 22. Bf3 Qd7 23. Bg4 Nf5 24. h5 Bd5 25. Rfe1 Rc2 26. Bxf5 exf5 27. h6 Bf8 28. Qh3 Kh7 29. Re3 Rec8 30. Rg3 R2c7 31. f4 Rc2 32. Bf6 R8c3 33. Rxc3 Rxg2+ 34. Qxg2 Bxg2 35. Kxg2 Qd5+ 36. Kg3 Bxh6 37. Re3 Qxa2 38. d5 Qc2 39. Rh1 Kg6 40. d6 Qd2 41. Rf3 b5 42. Rh2 Qd4 43. Be7 b4 44. Rc2 Qg1+ 45. Rg2 Qe1+ 46. Kh2+ Kh7 47. Rh3 Qc1 48. Bg5 Kg7 49. Bxh6+ 1-0


[Site "https://www.chess.com"]

[Event "Titled Tuesday Blitz April 4 Early 2023"]
[White "Tokman, Ariel"]
[Black "Zemlyanskii, Ivan"]
[WhiteFideId "117420"]
[BlackFideId "24249971"]
[WhiteElo "2263"]
[BlackElo "2419"]
[Result "0-1"]
[Round "03"]
[TimeControl "180+2"]
[Date "2023.04.04"]
[WhiteClock "0:00:16"]
[BlackClock "0:00:07"]

1. c4 c6 2. d4 d5 3. e3 Nf6 4. Nf3 Bf5 5. Nc3 e6 6. Qb3 Qb6 7. Nh4 Bg6 8. Nxg6 hxg6 9. Qc2 Nbd7 10. h3 Qc7 11. Be2 Be7 12. Bd2 Nb6 13. cxd5 exd5 14. Rc1 O-O 15. O-O Rfe8 16. Bd3 Qd7 17. Na4 Nxa4 18. Qxa4 Bd6 19. b4 Ne4 20. Bxe4 Rxe4 21. b5 cxb5 22. Qb3 g5 23. f3 Re7 24. Kh1 Bc7 25. Rc5 Qd6 26. f4 gxf4 27. Rxf4 Qg6 28. Rg4 Qf5 29. Kg1 Rd8 30. Qxb5 Bd6 31. Rc1 Re4 32. Qd3 Qe6 33. Rxe4 dxe4 34. Qc4 Qxc4 35. Rxc4 f5 36. Bb4 Bxb4 37. Rxb4 Rd7 38. Rb5 g6 39. g4 Rf7 40. Kf2 fxg4+ 41. Kg2 gxh3+ 42. Kxh3 b6 43. Kg4 Rf3 44. Rb3 Kg7 45. Ra3 Kh6 46. Rxa7 Rxe3 47. Kf4 Re1 48. Rb7 e3 49. Kf3 e2 50. Kf2 Ra1 51. Rxb6 e1=Q+ 0-1


[Site "https://www.chess.com"]

[Event "Titled Tuesday Blitz April 4 Early 2023"]
[White "Albornoz Cabrera, Carlos Daniel"]
[Black "Golubev, Mikhail"]
[WhiteFideId "3518736"]
[BlackFideId "14100983"]
[WhiteElo "2516"]
[BlackElo "2374"]
[Result "1-0"]
[Round "03"]
[TimeControl "180+2"]
[Date "2023.04.04"]
[WhiteClock "0:01:50"]
[BlackClock "0:00:01"]

1. e4 c5 2. Nf3 d6 3. Bb5+ Bd7 4. c4 Nc6 5. Nc3 g6 6. d4 cxd4 7. Nxd4 Bg7 8. Be3 Nf6 9. f3 O-O 10. O-O Ne5 11. Qe2 Bxb5 12. cxb5 Rc8 13. Rfd1 Nfd7 14. Nd5 e6 15. Nc3 Nc4 16. Bf2 Qe7 17. Rac1 Rfd8 18. b3 Ncb6 19. a4 Nc5 20. a5 Nbd7 21. b4 Bxd4 22. Bxd4 Nb3 23. Rc2 Nxd4 24. Rxd4 Rc7 25. Nd5 exd5 26. Rxc7 Qe5 27. Rxd5 Qa1+ 28. Qd1 Qa3 29. Rxd6 Qe3+ 30. Kh1 Kg7 31. Rdxd7 1-0


[Site "https://www.chess.com"]

[Event "Titled Tuesday Blitz April 4 Early 2023"]
[White "Romero Pallares, Daniel"]
[Black "Kilic, Eray"]
[WhiteFideId "32025637"]
[BlackFideId "44517173"]
[WhiteElo "2195"]
[BlackElo "2328"]
[Result "0-1"]
[Round "03"]
[TimeControl "180+2"]
[Date "2023.04.04"]
[WhiteClock "0:00:01"]
[BlackClock "0:00:37"]

1. Nf3 Nf6 2. g3 g6 3. b3 Bg7 4. Bb2 O-O 5. Bg2 d5 6. c4 Nc6 7. cxd5 Nxd5 8. Bxg7 Kxg7 9. d4 Bg4 10. O-O Nb6 11. e3 e5 12. dxe5 Qxd1 13. Rxd1 Nxe5 14. Nbd2 Nxf3+ 15. Nxf3 Rad8 16. h3 Bxf3 17. Bxf3 c6 18. h4 Kf6 19. Kf1 Ke5 20. Ke2 f5 21. Rac1 Ke6 22. b4 a6 23. a3 Na4 24. Rxd8 Rxd8 25. Rc2 Rd6 26. Ke1 Kd7 27. Be2 b5 28. Bf3 Nb6 29. Be2 Kc7 30. h5 Nd7 31. hxg6 hxg6 32. f3 Nf6 33. Kf2 Re6 34. Bd3 Rd6 35. Ke2 Kb6 36. Rc5 Nd7 37. Rc3 c5 38. bxc5+ Nxc5 39. Bc2 a5 40. g4 fxg4 41. fxg4 g5 42. Kf3 Rd2 43. Bf5 b4 44. axb4 axb4 45. Rc4 b3 46. Rd4 Rh2 47. Rd6+ Kb5 48. Rg6 b2 49. Rxg5 Kc4 50. Rg8 Rh1 51. Rb8 Na4 52. Be6+ Kc5 53. Bf5 Kc4 54. Be6+ Kc3 55. Bf5 Nc5 56. Rc8 Rf1+ 57. Kg2 Rxf5 58. gxf5 b1=Q 59. Rxc5+ Kd3 60. Re5 Qb2+ 0-1


[Site "https://www.chess.com"]

[Event "Titled Tuesday Blitz April 4 Early 2023"]
[White "Tifferet, Shaked"]
[Black "Salgado Lopez, Ivan"]
[WhiteFideId "2811529"]
[BlackFideId "2257327"]
[WhiteElo "2142"]
[BlackElo "2571"]
[Result "1-0"]
[Round "03"]
[TimeControl "180+2"]
[Date "2023.04.04"]
[WhiteClock "0:00:06"]
[BlackClock "0:00:26"]

1. d4 d5 2. c4 e6 3. Nf3 Nf6 4. g3 Be7 5. Bg2 O-O 6. O-O c6 7. Nbd2 b6 8. Qc2 c5 9. cxd5 exd5 10. b3 Ba6 11. Re1 Nc6 12. Bb2 Rc8 13. dxc5 bxc5 14. Rad1 Qb6 15. Qb1 c4 16. Rc1 Rb8 17. e3 Rfc8 18. Red1 Nb4 19. Ne5 Nd3 20. Nxd3 cxd3 21. Bxf6 Bxf6 22. Bxd5 Rxc1 23. Rxc1 Rd8 24. Bc4 Bb7 25. Bxd3 Bg5 26. Nf1 Qe6 27. Bxh7+ Kh8 28. Qf5 Qh6 29. Qxf7 Ba8 30. Bf5 Bf6 31. Qg6 Bf3 32. Qxh6+ gxh6 33. h3 Bb2 34. Rc2 Ba3 35. Nd2 Bd1 36. Rc8 Rxc8 37. Bxc8 Bc2 38. Nc4 Bb4 39. Be6 Bb1 40. a3 Bc3 41. b4 Kg7 42. Nd6 Bc2 43. Bc4 Bb2 44. Nc8 Bxa3 45. Nxa7 Bxb4 46. Nc6 Bd6 47. Nd4 Be4 48. Be6 Kf6 49. Bg4 Be5 50. Nf3 Bd6 51. Nd2 Bc2 52. Bf3 Bb4 53. Nf1 Ke5 54. Kg2 Bd3 55. Nh2 Kf6 56. Ng4+ Kg7 57. Ne5 Bc2 58. Nc6 Bc3 59. Nd4 Bd3 60. Bg4 Be4+ 61. Bf3 Bd3 62. Ne2 Bd2 63. Nf4 Bc2 64. h4 Be1 65. g4 Bd2 66. Kg3 Be1 67. Ng2 Bd2 68. Bd5 Bc3 69. e4 Be5+ 70. f4 Bd4 71. h5 Bd1 72. Nh4 Bc3 73. Nf5+ Kf6 74. e5+ Bxe5 75. fxe5+ Kxe5 76. Bf3 Bc2 77. Nxh6 Kf6 78. Kf4 Bb1 79. g5+ Kg7 80. Ng4 1-0


[Site "https://www.chess.com"]